AoeStats
← torpedo bob

Black Forest

505976515Analyzed
2v2 RM · 20d ago on Sep 11, 2026· 65m 12s· 4 players
Game mode
Random Map
Map size
Medium (4 player)
Population
200
Speed
Normal
Resources
Standard
Victory
Conquest
Starting age
Dark Age
Ending age
Imperial Age
RankedLock teamsTeams togetherTeam positionsShared explorationLock speedFull tech treeHidden civsTurbo modeCheats
Victory
Defeat
🇪🇸 Goths · Spain
597
+11
🇪🇸 Bulgarians · Spain
476
+16
🇳🇱 Poles · Netherlands
486
-14
🇳🇱 Japanese · Netherlands
470
-13
jgarciagonzalez1993
0:40 Loom
14:28 Feudal Age
17:03 Wheelbarrow
18:22 Double-Bit Axe
24:14 Castle Age
25:20 Hand Cart
25:18 Bow Saw
24:52 Horse Collar
25:45 Caravan
27:57 Squires
35:38 Imperial Age
34:51 Forging
34:42 Scale Mail Armor
35:33 Anarchy
36:30 Heavy Plow
38:07 Perfusion
38:29 Conscription
45:28 Elite Huskarl
49:13 Iron Casting
48:54 Chain Mail Armor
48:42 Onager
50:25 Pikeman
55:54 Halberdier
60:29 Chemistry
61:19 Two-Man Saw
63:18 Ballistics
mmherraiz3
13:34 Feudal Age
14:00 Double-Bit Axe
13:59 Horse Collar
14:56 Wheelbarrow
18:36 Stone Mining
31:36 Castle Age
32:24 Gold Mining
38:27 Hand Cart
49:00 Scale Barding Armor
48:57 Scale Mail Armor
49:07 Forging
49:20 Caravan
52:40 Stone Shaft Mining
52:40 Gold Shaft Mining
62:21 Bow Saw
62:17 Heavy Plow
63:20 Chain Barding Armor
63:01 Padded Archer Armor
62:52 Fletching
63:17 Chain Mail Armor
63:38 Iron Casting
torpedo bob
10:28 Feudal Age
12:05 Horse Collar
13:52 Wheelbarrow
15:34 Stone Mining
22:50 Double-Bit Axe
26:20 Castle Age
29:58 Hand Cart
32:22 Ballistics
32:09 Murder Holes
32:35 Masonry
35:29 Stone Shaft Mining
40:33 Bow Saw
Grubby
9:57 Loom
13:54 Feudal Age
15:27 Man-at-Arms
15:53 Arson
24:39 Castle Age
26:59 Double-Bit Axe
27:07 Gold Mining
27:25 Scale Barding Armor
27:31 Forging
28:54 Bloodlines
28:45 Husbandry
32:18 Chain Barding Armor
33:48 Wheelbarrow
35:11 Bow Saw
42:10 Imperial Age
42:06 Hand Cart
41:38 Town Watch
42:24 Capped Ram
42:29 Cavalier
44:02 Iron Casting
46:05 Gold Shaft Mining
47:23 Onager
51:10 Chemistry
50:08 Murder Holes
50:25 Fortified Wall
53:16 Town Patrol
61:57 Kataparuto
Connection lost

Rejoining the realm…

Still unreachable

The connection could not be restored.

Session expired

The server has moved on; the page needs a fresh start.